AoeStats
← OmarGutieG

Arabia

504771019Analyzed
2v2 RM · 26d ago on Sep 6, 2026· 58m 53s· 4 players
Game mode
Random Map
Map size
Medium (4 player)
Population
200
Speed
Normal
Resources
Standard
Victory
Conquest
Starting age
Dark Age
Ending age
Imperial Age
RankedLock teamsTeams togetherTeam positionsShared explorationLock speedFull tech treeHidden civsTurbo modeCheats
Victory
Defeat
🇦🇷 Vietnamese · Argentina
1317
+14
🇩🇪 Berbers · Germany
1305
+15
🇲🇽 Magyars · Mexico
1281
-15
🇲🇽 Ethiopians · Mexico
1268
-14
incorrect phlip
4:22 Loom
9:29 Feudal Age
13:16 Forging
13:29 Scale Barding Armor
22:57 Castle Age
24:04 Chain Barding Armor
25:10 Bloodlines
24:56 Gold Mining
29:46 Gold Shaft Mining
29:00 Double-Bit Axe
30:52 Iron Casting
40:40 Wheelbarrow
44:56 Fervor
47:37 Imperial Age
47:07 Fletching
47:19 Padded Archer Armor
47:41 Heavy Camel Rider
48:22 Husbandry
48:45 Light Cavalry
51:26 Ballistics
52:08 Chemistry
51:51 Conscription
53:10 Hand Cart
53:07 Bow Saw
53:47 Hussar
56:05 Plate Barding Armor
56:30 Blast Furnace
57:27 Scale Mail Armor
pity.grillo26
7:04 Loom
9:17 Feudal Age
9:50 Double-Bit Axe
12:40 Fletching
13:30 Padded Archer Armor
21:11 Wheelbarrow
26:04 Castle Age
27:05 Bloodlines
26:53 Bodkin Arrow
26:21 Crossbowman
27:08 Thumb Ring
30:31 Ballistics
36:06 Bow Saw
36:15 Town Watch
37:26 Husbandry
39:34 Bloodlines
39:49 Horse Collar
52:26 Imperial Age
51:31 Leather Archer Armor
53:12 Bracer
54:18 Chemistry
53:42 Heavy Cavalry Archer
54:36 Capped Ram
57:07 Hoardings
57:44 Elite Genitour
59:28 Hand Cart
armigame1
6:18 Loom
9:30 Feudal Age
21:23 Castle Age
22:21 Bloodlines
25:26 Scale Barding Armor
26:39 Husbandry
36:57 Chain Barding Armor
38:12 Wheelbarrow
49:47 Imperial Age
48:05 Light Cavalry
51:08 Plate Barding Armor
50:59 Conscription
50:04 Hussar
51:12 Cavalier
OmarGutieG
9:25 Feudal Age
7:43 Loom
9:29 Feudal Age
11:59 Fletching
17:32 Padded Archer Armor
20:02 Double-Bit Axe
24:38 Castle Age
25:18 Bodkin Arrow
24:45 Crossbowman
28:18 Gold Mining
29:09 Leather Archer Armor
29:11 Bow Saw
35:31 Thumb Ring
38:57 Wheelbarrow
42:21 Hand Cart
45:22 Town Watch
50:40 Imperial Age
49:22 Gold Shaft Mining
51:28 Ballistics
52:03 Ring Archer Armor
51:34 Bracer
52:55 Conscription
52:03 Arbalester
54:16 Town Patrol
Connection lost

Rejoining the realm…

Still unreachable

The connection could not be restored.

Session expired

The server has moved on; the page needs a fresh start.